 Dungeon Crawl Stone Soup version 0.27-a0-1548-gf8a67e7463 (webtiles) character file.

Game seed: 4493934092131176539

6013 Demosthentine the Spear-Bearer (level 10, -4/83 HPs)
             Began as a Merfolk Gladiator on July 14, 2021.
             Was a Follower of the Shining One.
             Slain by Snorg (5 damage)
             ... on level 11 of the Dungeon.
             The game lasted 00:10:58 (12892 turns).

Demosthentine the Spear-Bearer (Merfolk Gladiator) Turns: 12892, Time: 00:10:59

Health: -4/83      AC:  9    Str: 17    XL:     10   Next: 86%
Magic:  12/13      EV: 18    Int: 13    God:    the Shining One [*.....]
Gold:   1404       SH:  8    Dex: 17    Spells: 9/9 levels left

rFire    + . .     SeeInvis +   a - +0 trident
rCold    + . .     Faith    .   (no shield)
rNeg     . . .     Spirit   .   d - +1 leather armour of Spite {rElec rF+ rC+}
rPois    .         Reflect  .   c - +0 helmet
rElec    +         Harm     .   (no cloak)
rCorr    .         Rampage  .   j - +1 pair of gloves
Will     .....                  b - +0 pair of boots {Stlth+}
Stlth    +.........             (no amulet)
HPRegen  0.23/turn              i - ring of see invisible
MPRegen  0.13/turn              h - +6 ring of intelligence

@: divinely shielded, hasted, glowing, very quick
A: (nimble swimmer 2), mertail
a: Renounce Religion


You were on level 11 of the Dungeon.
You worshipped the Shining One.
The Shining One was aware of your devotion.
You visited 2 branches of the dungeon, and saw 12 of its levels.
You also visited: Bailey.

You collected 1404 gold pieces.

Inventory:

Hand Weapons
 a - a +0 trident (weapon)
Missiles
 x - 3 atropa-tipped darts (quivered)
Armour
 b - a +0 pair of boots of stealth (worn)
 c - a +0 helmet (worn)
 d - the +1 leather armour of Spite (worn) {rElec rF+ rC+}
   (You found it on level 7 of the Dungeon)

   rF:        It protects you from fire.
   rC:        It protects you from cold.
   rElec:     It insulates you from electricity.
 j - a +1 pair of gloves (worn)
 t - a +3 leather armour of poison resistance
Jewellery
 h - a +6 ring of intelligence (right hand)
 i - a ring of see invisible (left hand)
 k - a ring of flight
 r - a ring of wizardry
Wands
 s - a wand of polymorph (7)
 z - a wand of digging (4)
 A - a wand of mindburst (9)
 B - a wand of iceblast (14)
Scrolls
 n - 3 scrolls of fear
 o - a scroll of blinking
 p - a scroll of fog
Potions
 e - a potion of brilliance
 f - 2 potions of attraction
 g - a potion of haste
 l - 2 potions of curing
 m - 4 potions of mutation {unknown}
 q - a potion of resistance {unknown}


   Skills:
 + Level 9.1 Fighting
 + Level 12.0 Polearms
 - Level 2.0 Throwing
 - Level 5.0 Armour
 + Level 11.0 Dodging
 + Level 4.4 Invocations


You had 9 spell levels left.
You didn't know any spells.
Your spell library contained the following spells:

 Spells                   Type           Power      Damage    Failure   Level
 Foxfire                  Conj/Fire      0%         2x1d4     36%         1
 Sting                    Tmut/Pois      0%         1d3       36%         1
 Passwall                 Tmut/Erth      0%         N/A       50%         2
 Call Canine Familiar     Summ           0%         N/A       73%         3
 Conjure Flame            Conj/Fire      0%         6-21      73%         3
 Dazzling Flash           Conj/Hex       0%         N/A       73%         3
 Inner Flame              Hex/Fire       0%         N/A       73%         3
 Portal Projectile        Hex/Tloc       0%         N/A       73%         3
 Ice Form                 Ice/Tmut       0%         N/A       98%         4
 Leda's Liquefaction      Hex/Erth       0%         N/A       98%         4
 Agony                    Necr           0%         N/A       100%        5
 Silence                  Hex/Air        0%         N/A       100%        5
 Starburst                Conj/Fire      0%         8x6d3     100%        6
 Dragon Form              Tmut           0%         N/A       100%        7
 Fire Storm               Conj/Fire      0%         5d1       100%        9


Dungeon Overview and Level Annotations

Branches:
Dungeon (11/15)            Temple (1/1) D:5            Lair (0/6) D:11
    Orc (0/2) D:9          Bailey (visited)

Altars:
Ashenzari
Cheibriados
Dithmenos
Elyvilon
Fedhas
Gozag
Hepliaklqana
Kikubaaqudgha
Makhleb
Nemelex Xobeh
Okawaru
Qazlal
Ru
Sif Muna
Trog
Uskayaw
Vehumet
Wu Jian
Xom
Yredelemnul
Zin
The Shining One
Jiyva

Shops:
D:2 [   D:4 :   D:8 (

Annotations:
D:10 3 runed translucent doors, Maken's ghost, journeyman GnWn
D:11 Snorg


Innate Abilities, Weirdness & Mutations

((You are quick and stealthy near water. (Stealth+, EV+, Speed+++)))
Your lower body shifts to a powerful aquatic tail in water.


Message History

You puncture Snorg!
Snorg is moderately wounded.
Snorg barely misses you. Snorg claws you! Snorg completely misses you.
You puncture Snorg!
Snorg is moderately wounded.
Snorg bites you!
* * * LOW HITPOINT WARNING * * *
You block Snorg's attack. Snorg barely misses you.
You feel much better. Snorg barely misses you. You block Snorg's attack.
Snorg completely misses you.
You barely miss Snorg.
Snorg is moderately wounded.
Snorg bites you!!
* * * LOW HITPOINT WARNING * * *
You block Snorg's attack. Snorg claws you.
* * * LOW HITPOINT WARNING * * *
You hit Snorg.
Snorg is moderately wounded.
Snorg bites you but does no damage. You block Snorg's attack. Snorg claws you!
* * * LOW HITPOINT WARNING * * *
You barely miss Snorg.
Snorg is moderately wounded.
You block Snorg's attack. Snorg closely misses you. x2
Unknown command.
Okay, then.
Really quaff the potion of attraction? [Y]es or [N]o only, please.
Really quaff the potion of attraction?
Okay, then.
Unknown command.
Unknown command.
You feel yourself speed up. You block Snorg's attack. x2
Snorg claws you but does no damage. Snorg barely misses you. Snorg misses you.
Snorg claws you.
* * * LOW HITPOINT WARNING * * *
Unknown command.
Unknown command.
Snorg bites you but does no damage. Snorg claws you but does no damage.
Snorg claws you.
You die...

.# .# #.#
#.# #
###.# ..
...# ...
#..###....
#@........
#.T.......
#...(####
#<...#
#....#
#....#
#>...#
#....#
.....#


You could see Snorg (berserk).

Vanquished Creatures
  A two-headed ogre (D:10)
  A troll (D:10)
  Grinder (D:6)
  A steam dragon (D:8)
  Eustachio (D:6)
  2 water moccasins
  9 orc warriors
  An ice beast (D:6)
  3 ogres
  4 centaurs
  A phantom (D:6)
  A kobold brigand (D:9)
  2 bullfrogs
  A wyvern skeleton (D:6)
  3 scorpions
  4 killer bees (D:10)
  A howler monkey (D:8)
  A bullfrog zombie (D:6)
  A hound (D:5)
  7 centaur zombies
  A gnoll shaman (D:9)
  2 orc priests
  2 bullfrog skeletons (D:5)
  An iguana (D:5)
  10 orc wizards
  2 howler monkey skeletons
  A howler monkey zombie (D:8)
  5 gnolls (D:9)
  11 adders
  An ufetubus (D:5)
  3 worms
  3 dart slugs
  76 orcs
  4 bats
  6 endoplasms
  4 giant cockroaches
  9 goblins
  6 hobgoblins
  3 jackals (D:3)
  5 quokkas
  5 ball pythons
  3 frilled lizards
  11 kobolds
  4 rats
  A spectral hobgoblin (D:1)
225 creatures vanquished.

Notes
Turn   | Place    | Note
-------+----------+-------------------------------------------
     0 | D:1      | Demosthentine the Merfolk Gladiator began the quest for the
                  | Orb.
     0 | D:1      | Reached XP level 1. HP: 16/16 MP: 1/1
    43 | D:1      | Found a faded altar of an unknown god.
   279 | D:1      | Reached XP level 2. HP: 16/23 MP: 2/2
   981 | D:2      | Reached XP level 3. HP: 28/28 MP: 3/3
  1006 | D:2      | Reached skill level 5 in Polearms
  1115 | D:2      | Found Keebih's Armour Shop.
  1145 | D:2      | Reached skill level 1 in Armour
  1219 | D:2      | Reached XP level 4. HP: 16/35 MP: 4/4
  1944 | D:3      | Reached skill level 5 in Dodging
  1944 | D:3      | Reached XP level 5. HP: 13/41 MP: 5/5
  2752 | D:3      | Noticed a centaur
  2758 | D:3      | Killed a centaur
  2759 | D:3      | Reached skill level 6 in Polearms
  2759 | D:3      | Reached XP level 6. HP: 44/48 MP: 6/6
  3025 | D:4      | Found Qylod's Book Shoppe.
  3423 | D:5      | Entered Level 5 of the Dungeon
  3668 | D:5      | Found a staircase to the Ecumenical Temple.
  3767 | Temple   | Entered the Ecumenical Temple
  4005 | Temple   | Became a worshipper of the Shining One
  4089 | D:5      | Reached XP level 7. HP: 55/55 MP: 7/7
  4109 | D:5      | Identified the +6 scale mail "Culuikha" {rC+ Dex+2}
  4225 | D:5      | Reached skill level 7 in Polearms
  5151 | D:6      | Reached skill level 5 in Fighting
  5214 | D:6      | Identified the +1 war axe of the Bruised Beds {vorpal,
                  | rElec rPois rC++ Dex-2}
  5229 | D:6      | Reached XP level 8. HP: 44/62 MP: 8/8
  5234 | D:5      | Found an opulent altar of Gozag.
  5234 | D:5      | Found a basalt altar of Yredelemnul.
  5234 | D:5      | Found a sparkling altar of Nemelex Xobeh.
  5234 | D:5      | Found a snail-covered altar of Cheibriados.
  5343 | D:6      | Noticed Eustachio
  5360 | D:6      | Killed Eustachio
  5361 | D:6      | Reached skill level 8 in Polearms
  5725 | D:6      | Noticed Grinder
  5746 | D:6      | Paralysed by Grinder for 6 turns
  5755 | D:6      | Paralysed by Grinder for 4 turns
  5763 | D:6      | Killed Grinder
  6002 | D:6      | Reached * piety under the Shining One
  6421 | D:7      | Got Mejiplot's Almanac of Transmutation
  6453 | D:7      | Reached skill level 9 in Polearms
  6547 | D:7      | Reached XP level 9. HP: 71/71 MP: 9/9
  6617 | D:7      | Identified the +1 leather armour of Spite {rElec rF+ rC+}
  7609 | D:8      | Reached skill level 10 in Polearms
  7658 | D:8      | Found Kaxkuqoch's Weapon Shoppe.
  8174 | D:8      | Identified a scroll of acquirement
  8174 | D:8      | Acquired 737 gold pieces
  9174 | D:9      | Reached skill level 5 in Armour
  9397 | D:9      | Found a staircase to the Orcish Mines.
  9876 | D:10     | Entered Level 10 of the Dungeon
  9893 | D:10     | Found a runed translucent gate.
  9893 | D:10     | Found a runed translucent gate.
  9893 | D:10     | Found a runed translucent gate.
  9895 | D:10     | Found a viscous altar of Jiyva.
  9895 | D:10     | Noticed Maken's ghost (journeyman GnWn)
  9936 | D:10     | Noticed a two-headed ogre
  9973 | D:10     | Killed a two-headed ogre
  9974 | D:10     | Reached skill level 11 in Polearms
  9974 | D:10     | Reached skill level 10 in Dodging
  9974 | D:10     | Reached XP level 10. HP: 12/80 MP: 9/11
 10200 | D:10     | Found a flagged portal.
 10206 | Bailey   | Entered a bailey
 10441 | Bailey   | HP: 2/80 [orc warrior (13)]
 11030 | Bailey   | Got the Collected Works on Heat
 11086 | Bailey   | Identified the +1 crystal plate armour of Inaction {rPois
                  | rF- rC++ Stlth-}
 11779 | D:10     | Reached ** piety under the Shining One
 12105 | D:10     | Reached skill level 12 in Polearms
 12865 | D:11     | Noticed Snorg
 12865 | D:11     | Found a staircase to the Lair.
 12890 | D:11     | HP: 1/83 [Snorg (6)]
 12892 | D:11     | Slain by Snorg

Illustrated notes

Levels and vault maps discovered:
D:1:      sevenhm_arrival_forest_fort_small_4, layout_basic,
          dreamdust_ecumenical_altar_drowned_temple
D:2:      layout_basic, serial_shops, shop
D:3:      layout_loops_corners
D:4:      layout_rooms, serial_shops, shop, kennysheep_generic_room_4
D:5:      layout_basic, nicolae_overflow_hidden_temple,
          minmay_temple_entry_hall, minmay_crossroads
D:6:      layout_rooms, uniq_grinder, uniq_eustachio
D:7:      layout_basic
D:8:      layout_basic, serial_shops, nicolae_square_shop,
          kennysheep_generic_room_10
D:9:      layout_cave_pods, hiddenorc2_lemuel
D:10:     layout_grid_maze, enter_bailey_3, gammafunk_ghost_ooze,
          hangedman_decor_riveting, minmay_misc_feat_cross
D:11:     layout_irregular_city, lair_entry_dummy, uniq_snorg
Temple:   dpeg_five_rooms_temple

Skill      XL: |  1  2  3  4  5  6  7  8  9 10 |
---------------+-------------------------------+-----
Polearms       | 5 6 7 9 11 12 | 12.0
Armour         | 1 2 3 4 5 |  5.0
Fighting       | 3 4 5 6 8 9 |  9.1
Dodging        | 5 6 8 10 11 | 11.0
Invocations    | 2 4 |  4.4
Throwing       | |  2.0

Action                   |  1- 3 |  4- 6 |  7- 9 | 10-12 || total
-------------------------+-------+-------+-------+-------++-------
Melee: Trident           |   111 |   177 |   563 |   277 ||  1128
       Unarmed           |       |       |     9 |       ||     9
       Tailslap          |       |       |     1 |       ||     1
Throw: Throwing net      |       |     1 |     4 |     3 ||     8
Invok: Divine Shield     |       |       |       |     1 ||     1
  Use: Scroll            |     2 |     4 |     9 |       ||    15
       Potion            |     1 |     1 |     5 |     2 ||     9
 Stab: Sleeping          |     3 |     1 |       |       ||     4
       Held in net/web   |       |     2 |       |       ||     2
Armor: Leather armour    |    22 |    31 |   111 |   110 ||   274
       Skin              |       |       |     1 |       ||     1
Dodge: Dodged            |    50 |    92 |   280 |   240 ||   662
Block: Other             |       |       |       |     8 ||     8

Table legend: (Time is in decaauts)
 A = Elapsed time spent in this place.
 B = Non-inter-level travel time spent in this place.
 C = Inter-level travel time spent in this place.
 D = Time resting spent in this place.
 E = Time spent auto-exploring this place.
 F = Levels seen in this place.
 G = Mean time per level.
                   A        B        C        D        E       F      G
               +--------+--------+--------+--------+--------+-----+--------+
         Total |  12665 |  12407 |    258 |    740 |   9861 |  13 |  974.2 |
       Dungeon |  11437 |  11241 |    196 |    417 |   9224 |  11 | 1039.7 |
        Temple |    283 |    221 |     62 |      0 |    211 |   1 |  283.0 |
        Bailey |    944 |    944 |      0 |    323 |    426 |   1 |  944.0 |
               +--------+--------+--------+--------+--------+-----+--------+

Top non-repeatable levels by time:
    D:10: 1943 daAuts
     D:9: 1638 daAuts
     D:5: 1399 daAuts
     D:3: 1226 daAuts
     D:6: 1217 daAuts
     D:8: 1035 daAuts
     D:2: 990 daAuts
  Bailey: 944 daAuts
     D:1: 775 daAuts
     D:7: 763 daAuts
     D:4: 427 daAuts
  Temple: 283 daAuts
    D:11: 20 daAuts
